PUB
HOUSTON COLT .45S @ PUERTO RICO HURRICANES
04/14/1972
 
TOP OF THE 1ST
Houston Colt .45s batting - Pitching for Puerto Rico Hurricanes : LHP Alfonso Vega
Pitching: LHP Alfonso Vega
Batting: SHB Eric Tucker 0-0: Ball
1-0: Called Strike
1-1: Foul Ball, location: 5F
1-2: Foul Ball, location: 2F
1-2: Ball
2-2: Ball
3-2: TRIPLE (Line Drive, 7LD, EV 103.1 MPH)
Batting: RHB Darby Moore 0-0: Ground out 5-3 (Groundball, 5L, EV 105.0 MPH)
Batting: RHB Nobuhisa Fujii 0-0: Ball
1-0: Called Strike
1-1: Swinging Strike
1-2: Ball
2-2: Foul Ball, location: 5F
2-2: Ball
3-2: Foul Ball, location: 25FF
3-2: Foul Ball, location: 2F
3-2: SINGLE (Line Drive, 89S, EV 99.4 MPH)
Eric Tucker scores
Batting: SHB Michael Trusty 0-0: Ball
1-0: Foul Ball, location: 9LDF
1-1: Swinging Strike
1-2: Strikes out swinging
Batting: RHB Jeremy Williams 0-0: Ball
1-0: Foul Ball, location: 2F
1-1: Called Strike
1-2: Foul Ball, location: 2F
1-2: Strikes out looking
Top of the 1st over - 1 run, 2 hits, 0 errors, 1 left on base; Houston 1 - Puerto Rico 0
BOTTOM OF THE 1ST
Puerto Rico Hurricanes batting - Pitching for Houston Colt .45s : RHP Ryan Mullins
Pitching: RHP Ryan Mullins
Batting: RHB Chris Green 0-0: Called Strike
0-1: Swinging Strike
0-2: Strikes out swinging
Batting: LHB Terry Zimmerman 0-0: Ball
1-0: Foul Ball, location: 2F
1-1: Ball
2-1: Ball
3-1: Ground out 6-3 (Groundball, 6, EV 90.6 MPH)
Batting: RHB Steve Scott 0-0: Ball
1-0: SOLO HOME RUN (Flyball, 7D, EV 97.5 MPH), Distance : 367 ft
Batting: LHB Andrej Eenkhoorn 0-0: Ball
1-0: Swinging Strike
1-1: Ball
2-1: Fly out, F7 (Flyball, 78XD, EV 93.1 MPH)
Bottom of the 1st over - 1 run, 1 hit, 0 errors, 0 left on base; Houston 1 - Puerto Rico 1
TOP OF THE 2ND
Houston Colt .45s batting - Pitching for Puerto Rico Hurricanes : LHP Alfonso Vega
Batting: SHB Allen Brown 0-0: Ball
1-0: Foul Ball, location: 2F
1-1: Foul Ball, location: 2F
1-2: Foul Ball, location: 25F
1-2: Ball
2-2: Fly out, F9 (Flyball, 9, EV 93.1 MPH)
Batting: RHB Jim Pagliaroni 0-0: Called Strike
0-1: Ball
1-1: Ball
2-1: Called Strike
2-2: Ball
3-2: Foul Ball, location: 2F
3-2: Strikes out swinging
Batting: SHB Bob Saverine 0-0: Ball
1-0: Ball
2-0: Swinging Strike
2-1: Foul Ball, location: 3F
2-2: Strikes out looking
Top of the 2nd over - 0 runs, 0 hits, 0 errors, 0 left on base; Houston 1 - Puerto Rico 1
BOTTOM OF THE 2ND
Puerto Rico Hurricanes batting - Pitching for Houston Colt .45s : RHP Ryan Mullins
Batting: SHB Ted Simmons 0-0: Ball
1-0: Ball
2-0: Swinging Strike
2-1: Called Strike
2-2: Foul Ball, location: 3DF
2-2: Strikes out swinging
Batting: RHB Alfonso Santana 0-0: Ball
1-0: Foul Ball, location: 5F
1-1: Foul Ball, location: 2F
1-2: Ball
2-2: Ball
3-2: Ground out 5-3 (Groundball, 56, EV 103.1 MPH)
Batting: RHB Rintaro Kichida 0-0: Called Strike
0-1: Swinging Strike
0-2: Fly out, F3 (Line Drive, 3, EV 71.9 MPH)
Bottom of the 2nd over - 0 runs, 0 hits, 0 errors, 0 left on base; Houston 1 - Puerto Rico 1
TOP OF THE 3RD
Houston Colt .45s batting - Pitching for Puerto Rico Hurricanes : LHP Alfonso Vega
Batting: RHB Ryan Mullins 0-0: Ball
1-0: Ground out 5-3 (Groundball, 56, EV 86.3 MPH)
Batting: SHB Eric Tucker 0-0: Ball
1-0: Hit by Pitch
Batting: RHB Darby Moore 0-0: Called Strike
Eric Tucker steals 2nd base
0-1: Ball
1-1: Ball
2-1: Foul Ball, location: 7LDF
2-2: Foul Ball, location: 3FF
2-2: Ball
3-2: Fly out, F6 (Popup, 56, EV 61.3 MPH)
Batting: RHB Nobuhisa Fujii 0-0: Called Strike
0-1: Foul Ball, location: 2F
0-2: Ball
1-2: Ball
2-2: Ball
3-2: Strikes out swinging
Top of the 3rd over - 0 runs, 0 hits, 0 errors, 1 left on base; Houston 1 - Puerto Rico 1
BOTTOM OF THE 3RD
Puerto Rico Hurricanes batting - Pitching for Houston Colt .45s : RHP Ryan Mullins
Batting: LHB Bob Armstrong 0-0: Foul Ball, location: 5F
0-1: Foul Ball, location: 7LMF
0-2: Foul Ball, location: 2F
0-2: Strikes out swinging
Batting: LHB Alfonso Vega 0-0: Ball
1-0: Ball
2-0: Called Strike
2-1: Called Strike
2-2: Ground out 6-3 (Groundball, 6MD, EV 95.0 MPH)
Batting: RHB Chris Green 0-0: Ball
1-0: Ball
2-0: Foul Ball, location: 2F
2-1: Ball
3-1: Swinging Strike
3-2: Foul Ball, location: 7LSF
3-2: Foul Ball, location: 2F
3-2: Base on Balls
Batting: LHB Terry Zimmerman 0-0: Ball
Chris Green steals 2nd base
1-0: SINGLE (Flyball, 7LS, EV 96.3 MPH)
Chris Green to third
Runner from 3rd tries for Home, throw by LF and OUT! 7-2
Bottom of the 3rd over - 0 runs, 1 hit, 0 errors, 1 left on base; Houston 1 - Puerto Rico 1
TOP OF THE 4TH
Houston Colt .45s batting - Pitching for Puerto Rico Hurricanes : LHP Alfonso Vega
Batting: SHB Michael Trusty 0-0: Called Strike
0-1: Fly out, F7 (Line Drive, 7S, EV 90.0 MPH)
Batting: RHB Jeremy Williams 0-0: Called Strike
0-1: Swinging Strike
0-2: Ball
1-2: Ball
2-2: Ball
3-2: Strikes out looking
Batting: SHB Allen Brown 0-0: Ball
1-0: Called Strike
1-1: Foul Ball, location: 2F
1-2: Ground out 4-3 (Groundball, 4, EV 83.8 MPH)
Top of the 4th over - 0 runs, 0 hits, 0 errors, 0 left on base; Houston 1 - Puerto Rico 1
BOTTOM OF THE 4TH
Puerto Rico Hurricanes batting - Pitching for Houston Colt .45s : RHP Ryan Mullins
Batting: RHB Steve Scott 0-0: Ground out 4-3 (Groundball, 4, EV 87.5 MPH)
Batting: LHB Andrej Eenkhoorn 0-0: Ball
1-0: Ball
2-0: Called Strike
2-1: Ball
3-1: Foul Ball, location: 3DF
3-2: Strikes out swinging
Batting: SHB Ted Simmons 0-0: Called Strike
0-1: Ball
1-1: Foul Ball, location: 2LF
1-2: Foul Ball, location: 7LSF
1-2: Foul Ball, location: 5FF
1-2: Foul Ball, location: 2F
1-2: Foul Ball, location: 9LSF
1-2: Strikes out swinging
Bottom of the 4th over - 0 runs, 0 hits, 0 errors, 0 left on base; Houston 1 - Puerto Rico 1
TOP OF THE 5TH
Houston Colt .45s batting - Pitching for Puerto Rico Hurricanes : LHP Alfonso Vega
Batting: RHB Jim Pagliaroni 0-0: Called Strike
0-1: Ball
1-1: Swinging Strike
1-2: Strikes out looking
Batting: SHB Bob Saverine 0-0: Called Strike
0-1: Ball
1-1: Swinging Strike
1-2: SINGLE (Groundball, 6MD, EV 108.1 MPH)
Batting: RHB Ryan Mullins 0-0: Bunted foul
0-1: Sac Bunt to 2L - play at first, batter OUT! 2-3
Bob Saverine to second
Batting: SHB Eric Tucker 0-0: Ball
1-0: Ground out 5-3 (Groundball, 56, EV 91.9 MPH)
Top of the 5th over - 0 runs, 1 hit, 0 errors, 1 left on base; Houston 1 - Puerto Rico 1
BOTTOM OF THE 5TH
Puerto Rico Hurricanes batting - Pitching for Houston Colt .45s : RHP Ryan Mullins
Batting: RHB Alfonso Santana 0-0: Ball
1-0: Foul Ball, location: 2F
1-1: Ball
2-1: Foul Ball, location: 2F
2-2: Strikes out looking
Batting: RHB Rintaro Kichida 0-0: Ball
1-0: Swinging Strike
1-1: Ball
2-1: Ball
3-1: Foul Ball, location: 23FF
3-2: Fly out, F8 (Flyball, 8RS, EV 91.9 MPH)
Batting: LHB Bob Armstrong 0-0: Ball
1-0: Foul Ball, location: 2F
1-1: Foul Ball, location: 2F
1-2: Strikes out swinging
Bottom of the 5th over - 0 runs, 0 hits, 0 errors, 0 left on base; Houston 1 - Puerto Rico 1
TOP OF THE 6TH
Houston Colt .45s batting - Pitching for Puerto Rico Hurricanes : LHP Alfonso Vega
Batting: RHB Darby Moore 0-0: Ball
1-0: Called Strike
1-1: Foul Ball, location: 2F
1-2: Strikes out swinging
Batting: RHB Nobuhisa Fujii 0-0: Ground out U3 (Groundball, 3, EV 110.6 MPH)
Batting: SHB Michael Trusty 0-0: Called Strike
0-1: Foul Ball, location: 25F
0-2: Ball
1-2: Ball
2-2: Strikes out looking
Top of the 6th over - 0 runs, 0 hits, 0 errors, 0 left on base; Houston 1 - Puerto Rico 1
BOTTOM OF THE 6TH
Puerto Rico Hurricanes batting - Pitching for Houston Colt .45s : RHP Ryan Mullins
Pinch Hitting: LHB Yoshitaka Kouda 0-0: Ball
1-0: Ground out U3 (Groundball, 3, EV 106.9 MPH)
Batting: RHB Chris Green 0-0: Foul Ball, location: 5F
0-1: Ground out 4-3 (Groundball, 4D, EV 101.9 MPH)
Batting: LHB Terry Zimmerman 0-0: Ground out 5-3 (Groundball, 5, EV 76.9 MPH)
Bottom of the 6th over - 0 runs, 0 hits, 0 errors, 0 left on base; Houston 1 - Puerto Rico 1
TOP OF THE 7TH
Houston Colt .45s batting - Pitching for Puerto Rico Hurricanes : LHP Alfonso Vega
Pitching: RHP Gary Nolan
Pinch Hitting: LHB Jeff Murphy 0-0: Foul Ball, location: 2F
0-1: Fly out, F7 (Flyball, 7D, EV 83.1 MPH)
Batting: SHB Allen Brown 0-0: Ball
1-0: Ball
2-0: Ball
3-0: Called Strike
3-1: Called Strike
3-2: SINGLE (Groundball, 4MD, EV 104.4 MPH)
Batting: RHB Jim Pagliaroni 0-0: Called Strike
0-1: Fielders Choice at 2nd, 1-4 (Groundball, 25, EV 67.5 MPH)
Pinch Hitting: LHB Michael Ellis 0-0: Ball
1-0: Called Strike
1-1: SINGLE (Groundball, 34S, EV 69.4 MPH) (infield hit)
Jim Pagliaroni to second
Batting: RHB Ryan Mullins 0-0: Ball
1-0: Called Strike
1-1: Called Strike
1-2: Foul Ball, location: 9LSF
1-2: Fielders Choice at 2nd, 5-4 (Groundball, 56, EV 104.4 MPH)
Top of the 7th over - 0 runs, 2 hits, 0 errors, 2 left on base; Houston 1 - Puerto Rico 1
BOTTOM OF THE 7TH
Puerto Rico Hurricanes batting - Pitching for Houston Colt .45s : RHP Ryan Mullins
Now at 3B: Ching Yo
Now in CF: Juan Rodríguez
Batting: RHB Steve Scott 0-0: Ball
1-0: Called Strike
1-1: Fly out, F5 (Popup, 5SF, EV 59.4 MPH)
Pitching: RHP Yoshifumi Tada
Batting: LHB Andrej Eenkhoorn 0-0: SINGLE (Line Drive, 7S, EV 85.6 MPH)
Batting: SHB Ted Simmons 0-0: Called Strike
0-1: Foul Ball, location: 2F
0-2: Foul Ball, location: 2F
0-2: Ball
1-2: Ball
2-2: Ball
3-2: Grounds into double play, 3-6-3 (Groundball, 34D, EV 85.6 MPH)
Bottom of the 7th over - 0 runs, 1 hit, 0 errors, 0 left on base; Houston 1 - Puerto Rico 1
TOP OF THE 8TH
Houston Colt .45s batting - Pitching for Puerto Rico Hurricanes : RHP Gary Nolan
Batting: SHB Eric Tucker 0-0: Foul Ball, location: 23F
0-1: Swinging Strike
0-2: Ball
1-2: Foul Ball, location: 2F
1-2: Foul Ball, location: 2F
1-2: Ball
2-2: Fly out, F3 (Line Drive, 3, EV 68.1 MPH)
Batting: RHB Darby Moore 0-0: Ball
1-0: Swinging Strike
1-1: Foul Ball, location: 7LMF
1-2: Ground out U3 (Groundball, 23, EV 88.1 MPH)
Batting: RHB Nobuhisa Fujii 0-0: Fly out, F8 (Flyball, 8RM, EV 76.3 MPH)
Top of the 8th over - 0 runs, 0 hits, 0 errors, 0 left on base; Houston 1 - Puerto Rico 1
BOTTOM OF THE 8TH
Puerto Rico Hurricanes batting - Pitching for Houston Colt .45s : RHP Yoshifumi Tada
Pinch Hitting: LHB Greg Shoemaker 0-0: Called Strike
0-1: Fly out, F9 (Flyball, 89S, EV 90.0 MPH)
Batting: RHB Rintaro Kichida 0-0: Called Strike
0-1: SINGLE (Line Drive, 7S, EV 97.5 MPH)
Batting: LHB Bob Armstrong 0-0: Ball
1-0: Called Strike
1-1: Swinging Strike
1-2: Strikes out swinging
Pinch Hitting: RHB Woody Frazier 0-0: Ball
1-0: Called Strike
1-1: Ball
2-1: Called Strike
2-2: Strikes out looking
Bottom of the 8th over - 0 runs, 1 hit, 0 errors, 1 left on base; Houston 1 - Puerto Rico 1
TOP OF THE 9TH
Houston Colt .45s batting - Pitching for Puerto Rico Hurricanes : RHP Gary Nolan
Pitching: RHP Roger Nelson
Now in RF: Javier Morales
Batting: SHB Michael Trusty 0-0: Ball
1-0: Called Strike
1-1: SINGLE (Line Drive, 56D, EV 103.1 MPH)
Pinch Runner at 1st Joe L Morgan:
Batting: RHB Ching Yo 0-0: Called Strike
Joe L Morgan steals 2nd base (no throw)
0-1: Foul Ball, location: 5DF
0-2: Ball
1-2: Ball
2-2: Reached on error, E6 (Groundball, 6, EV 85.0 MPH)
Joe L Morgan to third
Batting: SHB Allen Brown 0-0: Ball
1-0: Ball
2-0: Called Strike
2-1: Ball
Ching Yo steals 2nd base (no throw)
3-1: Intentional Walk
Pinch Hitting: LHB Edgardo Vázquez 0-0: Foul Ball, location: 3FF
0-1: Swinging Strike
0-2: Ball
1-2: SINGLE (Line Drive, 34D, EV 96.3 MPH)
Joe L Morgan scores
Ching Yo to third
Allen Brown to second
Batting: LHB Juan Rodríguez 0-0: Ball
1-0: Grounds into fielders choice 5-2 (Groundball, 5S, EV 80.6 MPH)
Allen Brown to third
Edgardo Vázquez to second
Batting: RHB Yoshifumi Tada 0-0: Ball
1-0: Swinging Strike
1-1: Foul Ball, location: 7LSF
1-2: Ball
2-2: Strikes out swinging
Batting: SHB Eric Tucker 0-0: Swinging Strike
0-1: Foul Ball, location: 3F
0-2: Ground out 4-3 (Groundball, 34D, EV 97.5 MPH)
Top of the 9th over - 1 run, 2 hits, 1 error, 3 left on base; Houston 2 - Puerto Rico 1
BOTTOM OF THE 9TH
Puerto Rico Hurricanes batting - Pitching for Houston Colt .45s : RHP Yoshifumi Tada
Pitching: LHP Jon Gregory
Now at C: Edgardo Vázquez
Now at 1B: Joe L Morgan
Batting: RHB Chris Green 0-0: Fly out, F8 (Flyball, 78S, EV 88.8 MPH)
Pinch Hitting: SHB Miguel Carrasco 0-0: Called Strike
0-1: Called Strike
0-2: Ball
1-2: Ball
2-2: Ball
3-2: Foul Ball, location: 2F
3-2: Fly out, F4 (Popup, 34S, EV 79.4 MPH)
Batting: RHB Steve Scott 0-0: Called Strike
0-1: Swinging Strike
0-2: Ball
1-2: Foul Ball, location: 5DF
1-2: Strikes out looking
Bottom of the 9th over - 0 runs, 0 hits, 0 errors, 0 left on base; Houston 2 - Puerto Rico 1
Monday, February 26th , 2024 - OOTP Baseball 24.8 Build 75